 Dungeon Crawl Stone Soup version 0.27.1-2-g3b301248ec (webtiles) character file.

Game seed: 8880849523105184536

278 H0rd4k the Insei (level 6, 0/38 HPs)
             Began as an Octopode Transmuter on Sept 27, 2021.
             Slain by an orc (3 damage)
             ... on level 3 of the Dungeon.
             The game lasted 00:03:46 (4275 turns).

H0rd4k the Insei (Octopode Transmuter)              Turns: 4275, Time: 00:03:46

Health: 0/38       AC:  1    Str:  9    XL:     6   Next: 26%
Magic:  6/9        EV: 13    Int: 17    God:
Gold:   262        SH:  0    Dex: 13    Spells: 5/9 levels left

rFire    x . .     SeeInvis .     - Unarmed
rCold    + . .     Faith    .   (no shield)
rNeg     . . .     Spirit   .   (helmet restricted)
rPois    .         Reflect  .   (no amulet)
rElec    .         Harm     .   a - ring of ice
rCorr    .         Rampage  .   (no ring)
Will     .....                  (no ring)
Stlth    ++++......             (no ring)
HPRegen  0.12/turn              (no ring)
MPRegen  0.11/turn              (no ring)
                                (no ring)
                                (no ring)

@: lethally poisoned (0 -> -2)
A: almost no armour, amphibious, 8 rings, camouflage 1, gelatinous body 1,
(nimble swimmer 1), tentacles
a: no special abilities


You were on level 3 of the Dungeon.
You visited 1 branch of the dungeon, and saw 4 of its levels.

You collected 262 gold pieces.

Inventory:

Hand Weapons
 m - the +2 quarterstaff "Hetoig" {vorpal, Dex+6}
   (You found it on level 4 of the Dungeon)

   It inflicts extra damage upon your enemies.
   Dex:       It affects your dexterity (+6).
Missiles
 d - 28 poisoned darts
Jewellery
 a - a ring of ice (left tentacle)
 i - a ring of ice
 j - the amulet "Feak" {Faith Contam rF+++ Regen+ Str+4}
   (You found it on level 4 of the Dungeon)

   [amulet of faith]

   It allows you to gain divine favour quickly.
   Str:       It affects your strength (+4).
   rF:        It renders you almost immune to fire.
   Contam:    It causes magical contamination when unequipped.
   Regen:     It increases your rate of health regeneration.
Wands
 b - a wand of charming (6)
Scrolls
 c - 5 scrolls of identify {unknown}
 e - a scroll of blinking {unknown}
 g - a scroll of vulnerability {unknown}
 h - a scroll of fear {unknown}
 n - a scroll of noise {unknown}
 o - a scroll of teleportation {unknown}
Potions
 f - 2 potions of brilliance {unknown}
 k - a potion of haste {unknown}
 l - a potion of curing {unknown}
 p - a potion of lignification {unknown}


   Skills:
 + Level 1.2 Fighting
 + Level 2.9 Dodging
 + Level 4.3 Stealth
 + Level 5.2 Unarmed Combat
 * Level 2.2 Spellcasting
 * Level 2.1 Transmutations


You had 5 spell levels left.
You knew the following spells:

 Your Spells              Type           Power      Damage    Failure   Level
a - Beastly Appendage     Tmut           18%        N/A       8%          1
b - Spider Form           Tmut/Pois      2%         N/A       34%         3

Your spell library contained the following spells:

 Spells                   Type           Power      Damage    Failure   Level
 Wereblood                Tmut           9%         N/A       12%         2
 Tukima's Dance           Hex            1%         N/A       50%         3
 Ice Form                 Ice/Tmut       8%         N/A       77%         4
 Passage of Golubria      Tloc           N/A        N/A       88%         4
 Yara's Violent Unravell  Hex/Tmut       2%         3d3       98%         5


Dungeon Overview and Level Annotations

Branches:
Dungeon (4/15)
 Temple: D:4-7

Altars:
Nemelex Xobeh

Annotations:
D:3 Grinder


Innate Abilities, Weirdness & Mutations

You cannot wear most types of armour.
You are amphibious.
You can wear up to eight rings at the same time.
Your skin changes colour to match your surroundings (Stealth+).
Your rubbery body absorbs attacks. (AC +1, EV +1)
((You are camouflaged near water. (Stealth+)))
You have tentacles for arms and can constrict up to eight enemies at once.


Message History

Confirm with . or Enter, or press ? or * to list all spells.
The spell is quite dangerous to cast (34% risk of failure)!
Continue anyway?
You turn into a venomous arachnid creature.
Something hits you.
You hit something.
You hear some strange, mumbled words.
Something tries to affect you, but you resist.
You barely miss something. Something hits you.
You barely miss something.
You hear some strange, mumbled words.
You are confused.
You closely miss something.
Your transformation is almost over.
The orc priest invokes the aid of Beogh against you.
Something hits you.
You bump into the rock wall.
The adder hisses angrily.
You hear some strange, mumbled words.
A puff of flame appears from out of thin air!
The puff of flame misses you.
You completely miss the adder. The adder closely misses you.
Something hits you. The adder closely misses you.
You hit something but do no damage. Something barely misses you.
The adder bites you.
* * * LOW HITPOINT WARNING * * *
You are poisoned.
The adder poisons you!
You bump into the rock wall.
* * * LOW HITPOINT WARNING * * *
You feel sick. The adder closely misses you.
You miss the adder.
You feel less confused.
You feel sick. The adder completely misses you.
You completely miss the adder.
You feel sick. The adder completely misses you. The orc completely misses you.
You barely miss the adder.
You feel sick. The adder closely misses you. The orc barely misses you.
The adder completely misses you.
You barely miss the adder.
Your transformation has ended.
You feel sick. The orc hits you with a +0 dagger.
You die...

#....# #
#....# #
###'## # #.#
#
###.#########
#
#..or):..r...
#
#.#{###....[.
# #.#o# ...S.
# #@# ....
#.S........
#..........
#.####... .
#.# ## ######
..# #.....
### #.####
#.#... #.#..#


You could see an orc priest, an adder, an orc and a rat.

Vanquished Creatures
  A scorpion (D:4)
  An orc priest (D:3)
  A hound (D:2)
  An iguana (D:4)
  4 gnolls (D:3)
  2 adders
  4 worms
  A dart slug (D:4)
  7 orcs (D:3)
  4 ball pythons
  2 endoplasms (D:1)
  2 giant cockroaches
  4 goblins
  4 hobgoblins
  5 quokkas
  4 bats
  3 frilled lizards (D:2)
  9 kobolds
  A quokka skeleton (D:4)
  3 rats
63 creatures vanquished.

Vanquished Creatures (others)
  4 plants (D:2)
4 creatures vanquished.

Grand Total: 67 creatures vanquished

Notes
Turn   | Place    | Note
-------+----------+-------------------------------------------
     0 | D:1      | H0rd4k the Octopode Transmuter began the quest for the Orb.
     0 | D:1      | Reached XP level 1. HP: 13/13 MP: 3/3
   407 | D:1      | Reached XP level 2. HP: 16/18 MP: 5/5
  1051 | D:2      | Reached skill level 1 in Stealth
  1051 | D:2      | Reached XP level 3. HP: 18/23 MP: 6/6
  1055 | D:2      | Learned a level 3 spell: Spider Form
  1844 | D:2      | Reached skill level 4 in Unarmed Combat
  1844 | D:2      | Reached XP level 4. HP: 13/28 MP: 7/7
  2469 | D:2      | You fall into a shaft and drop 2 floors!
  2534 | D:4      | Identified the amulet "Feak" {Faith Contam rF+++ Regen+
                  | Str+4}
  2589 | D:4      | Noticed a scorpion
  2602 | D:4      | Killed a scorpion
  2603 | D:4      | Reached XP level 5. HP: 8/33 MP: 4/8
  2612 | D:4      | HP: 1/33 [poisoned by a scorpion]
  3077 | D:3      | Found a sparkling altar of Nemelex Xobeh.
  3158 | D:3      | Reached skill level 5 in Unarmed Combat
  3176 | D:3      | Reached XP level 6. HP: 25/38 MP: 7/9
  3369 | D:3      | Noticed Grinder
  3514 | D:4      | Identified the +2 quarterstaff "Hetoig" {vorpal, Dex+6}
  4275 | D:3      | Slain by an orc

Illustrated notes

Levels and vault maps discovered:
D:1:      shiori_arrival_oz, layout_rooms
D:2:      cheibrodos_old_hovel, layout_loops_cross, wad_floor_pattern_1
D:3:      layout_basic, mainiacjoe_overflow_brackets, uniq_grinder
D:4:      layout_cave_pools

Skill      XL: |  1  2  3  4  5 |
---------------+----------------+-----
Stealth        | 1 2 3 4 |  4.3
Unarmed Combat | 4 5 |  5.2
Fighting       | |  1.2
Dodging        | |  2.9
Spellcasting   | |  2.2
Transmutations | |  2.1

Action                   |  1- 3 |  4- 6 || total
-------------------------+-------+-------++-------
Melee: Unarmed           |    78 |   110 ||   188
       Constrict         |    16 |    17 ||    33
       Tentacles         |     9 |     8 ||    17
       Punch             |     3 |     5 ||     8
 Cast: Spider Form       |       |     5 ||     5
  Use: Potion            |       |     3 ||     3
 Stab: Sleeping          |     9 |     6 ||    15
       Distracted        |       |     1 ||     1
Armor: Skin              |     6 |     9 ||    15
Dodge: Dodged            |    49 |    72 ||   121
